 Dungeon Crawl Stone Soup version 0.18-a0-1764-gf4ddf0b (webtiles) character file.

531 namelastname112 the Sneak (level 7, 37/57 HPs)
             Began as a Mottled Draconian Assassin on Apr 13, 2016.
             Quit the game on level 4 of the Dungeon.
             The game lasted 00:05:04 (3394 turns).

namelastname112 the Sneak (DrAs)                    Turns: 3394, Time: 00:05:05

Health: 37/57      AC:  8    Str: 13    XL:     7   Next: 3%
Magic:  7/7        EV: 14    Int: 12    God:
Gold:   168        SH:  0    Dex: 14    Spells: 0 memorised, 6 levels left

rFire  . . .     SeeInvis .     b - +0 blowgun
rCold  . . .     Gourm    .     (armour unavailable)
rNeg   . . .     Faith    .     (no shield)
rPois  .         Spirit   .     (helmet restricted)
rElec  .         Dismiss  .     c - +0 cloak
rCorr  .         Reflect  .     g - +0 pair of gloves
SustAt .         Harm     .     (no boots)
MR     .....                    (no amulet)
Stlth  +++.......               (no ring)
                                (no ring)

@: not resistant to hostile enchantments, fairly stealthy
A: breathe sticky flame splash, unfitting armour, cold-blooded, AC +6
a: Breathe Sticky Flame


You were on level 4 of the Dungeon.
You were hungry.

You visited 1 branch of the dungeon, and saw 4 of its levels.

You collected 168 gold pieces.

Inventory:

Hand Weapons
 b - a +0 blowgun (weapon)
 i - a +1 dagger of holy wrath
Missiles
 d - 12 poisoned needles (quivered)
 e - 2 curare-tipped needles
Armour
 c - a +0 cloak (worn)
 g - a +0 pair of gloves (worn)
Wands
 n - a wand of random effects (29/48)
 q - a wand of iceblast (9/15)
 u - a wand of lightning (8/15)
Scrolls
 a - a scroll of random uselessness {unknown}
 h - 5 scrolls of identify {unknown}
 k - 2 scrolls of remove curse {unknown}
 p - a scroll of noise {unknown}
 r - a scroll of teleportation {unknown}
 s - a scroll of amnesia {unknown}
Potions
 o - a potion of agility {unknown}
Comestibles
 f - 3 bread rations
 j - a slice of pizza
 l - a beef jerky
 m - 4 chunks of flesh


   Skills:
 + Level 3.4 Fighting
 * Level 3.7 Short Blades
 + Level 1.9 Throwing
 + Level 4.0 Dodging
 * Level 5.6 Stealth


You had 6 spell levels left.
You didn't know any spells.

Dungeon Overview and Level Annotations

Branches:
Dungeon (4/15)
 Temple: D:4-7

Altars:
Elyvilon
The Shining One


Innate Abilities, Weirdness & Mutations

You can spit globs of burning liquid.
You can ignite nearby creatures when you spit burning liquid.
Your weird mottled scales are hard (AC +6).
Your body does not fit into most forms of armour.
You are cold-blooded and may be slowed by cold attacks.


Message History

Aim: an ogre, wielding a giant spiked club (severely wounded, poisoned)
You shoot a poisoned needle. The poisoned needle hits the ogre.
The ogre looks even sicker.
The ogre is severely wounded.
Firing (i - inventory. (,) - cycle):
d - 13 poisoned needles (quivered)
Press: ? - help, Shift-Dir - straight line, f/p - ogre
Aim: an ogre, wielding a giant spiked club (severely wounded, poisoned)
You shoot a poisoned needle. The poisoned needle hits the ogre.
The ogre looks even sicker.
The ogre is severely wounded.
The ogre misses you.
You kill the ogre!
Your Dodging skill increases to level 4!
You have reached level 7!
Your scales start taking on a weird mottled colour.
You learn Fire Magic quicker.
You can spit globs of burning liquid.
You can ignite nearby creatures when you spit burning liquid.
You regained 4 hp, and now have 37/57 hp.
MP restored: 7 Are you sure you want to abandon this character and quit the game? (Confirm with "yes".)

#................(.#..##..###....
#..................#..##..#######
#......##'##.......#..##......#..
########...#.......#..#.......#..
...........#.......#..#.......#..
...........+.......'..+.......#..
####..####.#....)..#.#######.<###
####+#####.##....###.###..###'###
...#........#...@#........'......
...#........#....#........#......
...#....##..#....################
...#....##'###...[.........
#+####..##...#.............
#.####'###...#...................
#.......##...#...................
#.......##...#....###############
#'####..##...#....'...#.........'


There were no monsters in sight!

Vanquished Creatures
  An ogre (D:4)
  A phantom (D:4)
  A giant frog skeleton (D:4)
  An orc priest (D:3)
  A centaur skeleton (D:4)
  Ijyb (D:3)
  Terence (D:2)
  A worker ant (D:4)
  9 adders
  A worm (D:3)
  5 dart slugs
  3 giant geckos
  18 orcs
  2 ball pythons (D:2)
  4 bats
  6 giant cockroaches
  2 goblins
  4 hobgoblins
  4 jackals (D:2)
  2 quokkas
  A giant gecko skeleton (D:4)
  3 giant newts
  10 kobolds
  7 rats
89 creatures vanquished.

Notes
Turn   | Place    | Note
--------------------------------------------------------------
     0 | D:1      | namelastname112 the Draconian Assassin began the quest for the Orb.
     0 | D:1      | Reached XP level 1. HP: 17/17 MP: 1/1
    76 | D:1      | Reached skill level 4 in Stealth
    76 | D:1      | Reached XP level 2. HP: 24/24 MP: 2/2
   226 | D:1      | Reached skill level 1 in Dodging
   620 | D:2      | Reached XP level 3. HP: 21/29 MP: 3/3
  1085 | D:2      | Reached XP level 4. HP: 26/36 MP: 4/4
  1382 | D:2      | Noticed Terence
  1397 | D:2      | Killed Terence
  1535 | D:3      | Found a white marble altar of Elyvilon.
  1634 | D:3      | Reached XP level 5. HP: 34/42 MP: 5/5
  1935 | D:3      | Reached skill level 5 in Stealth
  2037 | D:3      | Noticed Ijyb
  2066 | D:3      | Killed Ijyb
  2200 | D:4      | Found a glowing golden altar of the Shining One.
  2532 | D:4      | Reached XP level 6. HP: 49/50 MP: 6/6
  2775 | D:4      | HP: 1/50 [phantom (2)]
  3393 | D:4      | Your scales start taking on a weird mottled colour.
  3393 | D:4      | Reached XP level 7. HP: 37/57 MP: 7/7
  3394 | D:4      | Quit the game

Vault maps used:
D:1:      tarquinn_simple_flora_water_c, nrook_mini_backslash
D:2:      interstate_on_off, minmay_unequal, uniq_terence
D:3:      nicolae_overflow_crystal_walls, uniq_iyjb
D:4:      first_bread, tso_metal_star

Skill      XL: |  1  2  3  4  5  6 |
---------------+-------------------+-----
Stealth        | 4 5 |  5.6
Dodging        | 1 2 3 4 |  4.0
Short Blades   | 3 |  3.7
Fighting       | 3 |  3.4
Throwing       | |  1.9

Action                   |  1- 3 |  4- 6 |  7- 9 || total
-------------------------+-------+-------+-------++-------
Melee: Dagger            |   135 |   313 |       ||   448
       Tailslap          |    12 |    33 |       ||    45
 Fire: Blowgun           |       |     7 |       ||     7
  Use: Potion            |       |     2 |       ||     2
 Stab: Sleeping          |     9 |     3 |       ||    12
  Eat: Chunk             |       |     8 |       ||     8
Armor: Skin              |    57 |    93 |       ||   150
Dodge: Dodged            |   103 |   192 |       ||   295
